 Dungeon Crawl Stone Soup version 0.29-a0-459-g97dee8cd24 (webtiles) character file.

Game seed: 13739418202317831501

1009 zishaf the Magician (level 8, -6/59 HPs)
             Began as a Djinni Venom Mage on May 20, 2022.
             Mangled by a wight
             ... wielding a +2 falchion
              (8 damage)
             ... on level 6 of the Dungeon.
             The game lasted 00:14:26 (5526 turns).

zishaf the Magician (Djinni Venom Mage)             Turns: 5526, Time: 00:14:26

Health: -6/59      AC:  5    Str: 10    XL:     8   Next: 44%
Gold:   212        EV: 12    Int: 20    God:
                   SH:  5    Dex: 13

rFire   + + .      SeeInvis .   s - +3 whip (elec)
rCold   x . .      Faith    .   (no shield)
rNeg    + . .      Spirit   .   q - +1 robe of Koherghae {Rampage rPois Regen+ Str+3}
rPois   ∞          Reflect  +   t - +0 helmet
rElec   .          Harm     .   (no cloak)
rCorr   .          Rampage  +   n - +0 pair of gloves
Will    .....                   (boots unavailable)
Stlth   ++........              i - amulet of reflection
HPRegen 0.99/turn               f - ring of positive energy
MPRegen 0.00/turn               (no ring)

@: flying
A: sickness immunity, fire resistance 2, cold vulnerability 1, float, innate
caster, HP casting, extra vitality 1
a: no special abilities


You were on level 6 of the Dungeon.
You visited 2 branches of the dungeon, and saw 7 of its levels.

You collected 212 gold pieces.

Inventory:

Hand Weapons
 j - a +0 dagger
 s - a +3 whip of electrocution (weapon)
Armour
 a - a +0 robe
 n - a +0 pair of gloves (worn)
 q - the +1 robe of Koherghae (worn) {Rampage rPois Regen+ Str+3}
   (You found it on level 3 of the Dungeon)

   Str:       It affects your strength (+3).
   rPois:     It protects you from poison.
   Regen:     It increases your rate of health regeneration.
   Rampage:   It bestows one free step when moving towards enemies.
 t - a +0 helmet (worn)
Jewellery
 f - a ring of positive energy (left hand)
 i - an amulet of reflection (around neck)
Wands
 b - a wand of iceblast (14)
Scrolls
 g - a scroll of teleportation
 o - a scroll of poison
 r - 2 scrolls of fear
Potions
 c - a potion of curing
 d - 2 potions of brilliance
 e - 3 potions of cancellation
 h - a potion of attraction
 k - 3 potions of berserk rage
 l - 3 potions of ambrosia {unknown}
 m - a potion of invisibility
 p - a potion of might {unknown}
 u - 2 potions of magic {unknown}


   Skills:
 + Level 5.1 Fighting
 - Level 2.1 Dodging
 - Level 1.5 Stealth
 * Level 6.3 Spellcasting


You had 4 spell levels left.
You knew the following spells:

 Your Spells              Type           Power      Damage    Failure   Level
a - Sting                 Tmut/Pois      100%       1d8       1%          1
b - Poisonous Vapours     Pois/Air       62%        N/A       1%          2
c - Mephitic Cloud        Conj/Pois/Air  31%        N/A       2%          3
d - Olgreb's Toxic Radia  Pois           31%        N/A       8%          4
e - Apportation           Tloc           62%        N/A       1%          1
f - Wereblood             Tmut           31%        N/A       1%          2
g - Ensorcelled Hibernat  Hex/Ice        62%        N/A       1%          2
Your spell library was empty.

Dungeon Overview and Level Annotations

Branches:
Dungeon (6/15)             Temple (1/1) D:5

Altars:
Ashenzari
Cheibriados
Elyvilon
Fedhas
Gozag
Hepliaklqana
Kikubaaqudgha
Nemelex Xobeh
Okawaru
Ru
Sif Muna
Uskayaw
Vehumet
Yredelemnul
Zin
The Shining One

Annotations:
D:3 3 runed translucent doors, xian's ghost, amateur DrTm
D:4 exclusion: upstairs


Innate Abilities, Weirdness & Mutations

You are immune to sickness and miasma.
You are immune to poison.
Your flesh is very heat resistant. (rF++)
You are vulnerable to cold. (rC-)
You float through the air rather than walking.
You learn spells naturally, not from books.
Your magical power is your life essence.
You have superior vitality. (+4 MHP)


Message History

You hit the wight.
The wight is lightly damaged.
The wight hits you with a +2 falchion! x2
* * * LOW HITPOINT WARNING * * *
You hit the wight.
The wight is heavily damaged.
The wight closely misses you.
You hit the wight.
The wight is severely damaged.
The wight hits you with a +2 falchion.
* * * LOW HITPOINT WARNING * * *
The bullfrog croaks.
You hit the wight but do no damage.
The wight is severely damaged.
You block the wight's attack.
You completely miss the wight.
The wight is severely damaged.
You block the wight's attack.
You barely miss the wight.
The wight is severely damaged.
The wight closely misses you.
You completely miss the wight.
The wight is severely damaged.
The bullfrog misses you. The wight hits you with a +2 falchion.
* * * LOW HITPOINT WARNING * * *
The bullfrog misses you.
You hit the wight.
The wight is severely damaged.
The bullfrog hits you.
* * * LOW HITPOINT WARNING * * *
The wight barely misses you. The bullfrog hits you.
* * * LOW HITPOINT WARNING * * *
You hit the wight but do no damage.
The wight is severely damaged.
The wight closely misses you. The bullfrog hits you.
* * * LOW HITPOINT WARNING * * *
You whack the bullfrog! You punch the bullfrog.
The bullfrog is heavily wounded.
The bullfrog completely misses you. The wight hits you with a +2 falchion!
You die...

###........#
#..........#####.
#.#.............. ..
##............. ...
#............. ...
#.......###.#. ##
#...z...# ##[#z##.#
####.#@##.#
..#..F...#
#†###..#####.
###.###.#.#.....
##.#.....)###.......
......#.#.#...#.....#
###......##.#.#.....#
#######.#...#.....#
#..###......


You could see a bullfrog and 2 wights.

Vanquished Creatures
  A water moccasin (D:5)
  2 black bears (D:4)
  A centaur (D:6)
  A phantom (D:6)
  A necrophage (D:6)
  2 wights (D:6)
  A howler monkey (D:5)
  An orc priest (D:5)
  2 hounds
  2 iguanas
  Terence (D:2)
  A gnoll (D:1)
  7 adders
  A shadow imp (D:6)
  A white imp (D:6)
  An ufetubus (D:5)
  2 worms
  2 dart slugs
  9 orcs
  6 ball pythons
  9 bats
  5 endoplasms
  13 giant cockroaches (D:3)
  A goblin (D:2)
  4 hobgoblins
  2 jackals (D:2)
  5 kobolds
  5 quokkas
  2 frilled lizards
  2 rats
93 creatures vanquished.

Vanquished Creatures (collateral kills)
  A hound (D:4)
1 creature vanquished.

Vanquished Creatures (others)
  5 plants (D:1)
5 creatures vanquished.

Grand Total: 99 creatures vanquished

Notes
Turn   | Place    | Note
-------+----------+-------------------------------------------
     0 | D:1      | zishaf the Djinni Venom Mage began the quest for the Orb.
     0 | D:1      | Reached XP level 1. HP: 15/15 MP: 0/0
   382 | D:1      | Reached XP level 2. HP: 19/22 MP: 0/0
   552 | D:1      | Reached skill level 1 in Fighting
   703 | D:1      | Reached XP level 3. HP: 24/27 MP: 0/0
   703 | D:1      | Learned a level 1 spell: Apportation
   737 | D:1      | Reached skill level 3 in Spellcasting
  1578 | D:2      | Noticed Terence
  1589 | D:2      | Killed Terence
  1590 | D:2      | Reached XP level 4. HP: 25/33 MP: 0/0
  2333 | D:2      | Found a faded altar of an unknown god.
  2333 | D:2      | Noticed a sun demon
  2893 | D:3      | Reached XP level 5. HP: 22/38 MP: 0/0
  2893 | D:3      | Learned a level 2 spell: Wereblood
  3108 | D:3      | Found a runed translucent gate.
  3108 | D:3      | Found a runed translucent gate.
  3172 | D:3      | Identified the +1 robe of Koherghae {Rampage rPois Regen+
                  | Str+3}
  3397 | D:3      | Found a faded altar of an unknown god.
  3402 | D:3      | Found a blossoming altar of Fedhas.
  3471 | D:3      | Found a runed translucent gate.
  3666 | D:3      | Noticed xian's ghost (amateur DrTm)
  3761 | D:4      | Noticed a black bear
  3767 | D:4      | Reached skill level 4 in Spellcasting
  3830 | D:4      | Noticed a black bear
  3866 | D:4      | Reached XP level 6. HP: 45/45 MP: 0/0
  3948 | D:4      | Killed a black bear
  4106 | D:4      | Killed a black bear
  4107 | D:4      | Reached XP level 7. HP: 44/50 MP: 0/0
  4107 | D:4      | Learned a level 2 spell: Ensorcelled Hibernation
  4301 | D:4      | Found a glowing golden altar of the Shining One.
  4370 | D:5      | Entered Level 5 of the Dungeon
  4385 | D:5      | Reached skill level 5 in Spellcasting
  4410 | D:5      | Found a staircase to the Ecumenical Temple.
  4417 | Temple   | Entered the Ecumenical Temple
  5134 | D:5      | Found a hazy altar of Hepliaklqana.
  5216 | D:5      | Noticed a water moccasin
  5227 | D:5      | Killed a water moccasin
  5349 | D:6      | Reached XP level 8. HP: 48/58 MP: 0/0
  5392 | D:6      | Reached skill level 6 in Spellcasting
  5423 | D:6      | Reached skill level 5 in Fighting
  5525 | D:6      | HP: 1/59 [bullfrog (5)]
  5526 | D:6      | Mangled by a wight

Illustrated notes

Levels and vault maps discovered:
D:1:      roderic_crop_circles_arrival_large, layout_rooms
D:2:      layout_basic, dreamdust_ecumenical_altar_sealed_demon,
          grunt_decor_resistance, uniq_terence
D:3:      minmay_roachtagon, layout_rooms, nicolae_overflow_ecumenical_swirl,
          gammafunk_ghost_icy
D:4:      layout_cave_pools, tso_altar
D:5:      layout_loops_ring, nzn_hepliaklqana_mist_gate,
          minmay_temple_entry_arrows
D:6:      layout_loops_cross, kennysheep_mini, uniq_pikel
Temple:   cyrus_circular_temple

Skill      XL: |  1  2  3  4  5  6  7  8 |
---------------+-------------------------+-----
Fighting       | 1 2 3 4 5 |  5.1
Spellcasting   | 3 4 5 6 |  6.3
Dodging        | |  2.1
Stealth        | |  1.5

Action                   |  1- 3 |  4- 6 |  7- 9 || total
-------------------------+-------+-------+-------++-------
Melee: Unarmed           |     3 |       |       ||     3
       Dagger            |       |    25 |       ||    25
       Whip              |       |    34 |   141 ||   175
       Punch             |       |       |     3 ||     3
 Cast: Sting             |    46 |    27 |       ||    73
       Poisonous Vapours |     5 |    45 |     1 ||    51
       Mephitic Cloud    |       |     2 |     2 ||     4
       Ensorcelled Hiber |       |       |     2 ||     2
  Use: Scroll            |       |    14 |     4 ||    18
 Stab: Sleeping          |       |     3 |     4 ||     7
Armor: Robe              |     5 |    13 |    29 ||    47
Dodge: Dodged            |    17 |    54 |    93 ||   164
Block: Other             |       |       |    17 ||    17

Table legend: (Time is in decaauts)
 A = Elapsed time spent in this place.
 B = Non-inter-level travel time spent in this place.
 C = Inter-level travel time spent in this place.
 D = Time resting spent in this place.
 E = Time spent auto-exploring this place.
 F = Levels seen in this place.
 G = Mean time per level.
                   A        B        C        D        E       F      G
               +--------+--------+--------+--------+--------+-----+--------+
         Total |   5544 |   5394 |    150 |    318 |   4099 |   7 |  792.0 |
       Dungeon |   5471 |   5321 |    150 |    318 |   4099 |   6 |  911.8 |
        Temple |     72 |     72 |      0 |      0 |      0 |   1 |   72.0 |
               +--------+--------+--------+--------+--------+-----+--------+

Top non-repeatable levels by time:
     D:2: 1694 daAuts
     D:3: 1186 daAuts
     D:5: 871 daAuts
     D:1: 864 daAuts
     D:4: 630 daAuts
     D:6: 224 daAuts
  Temple: 72 daAuts
